 Dungeon Crawl Stone Soup version 0.29.0-10-g45618ea6d2 (webtiles) character file.

Game seed: 10379542910343470958

7242 iguanaiguana the Fighter (level 10, -10/96 HPs)
             Began as a Minotaur Fighter on Sept 2, 2022.
             Was a High Priest of Okawaru.
             Mangled by a shadow (15 damage)
             ... on level 10 of the Dungeon.
             The game lasted 00:10:42 (11379 turns).

iguanaiguana the Fighter (Minotaur Fighter)        Turns: 11379, Time: 00:10:43

Health: -10/96     AC: 17    Str: 24    XL:     10   Next: 88%
Magic:  11/12      EV:  7    Int:  5    God:    Okawaru [*****.]
Gold:   526        SH: 10    Dex: 11    Spells: 9/9 levels left

rFire   . . .      SeeInvis .   x - +3 hand axe (vorpal)
rCold   + . .      Faith    .   c - +0 buckler
rNeg    . . .      Spirit   .   f - +0 plate armour
rPois   .          Reflect  +   (helmet restricted)
rElec   .          Harm     .   C - +2 cloak
rCorr   .          Rampage  .   (no gloves)
Will    .....                   (no boots)
Stlth   ..........              G - amulet of reflection
HPRegen 0.26/turn               F - ring of protection from cold
MPRegen 0.13/turn               (no ring)

@: no status effects
A: horns 2, retaliatory headbutt
a: Renounce Religion, Heroism, Finesse, Duel


You were on level 10 of the Dungeon.
You worshipped Okawaru.
Okawaru was extremely pleased with you.
You visited 2 branches of the dungeon, and saw 11 of its levels.
You also visited: Ossuary.

You collected 526 gold pieces.

Inventory:

Hand Weapons
 a - a +0 war axe
 x - a +3 vorpal hand axe (weapon)
Missiles
 d - 8 large rocks
 n - 51 poisoned darts (quivered)
 E - 10 boomerangs
 N - 2 throwing nets
 S - a curare-tipped dart
Armour
 b - a +0 scale mail
 c - a +0 buckler (worn)
 e - a +0 chain mail
 f - a +0 plate armour (worn)
 C - a +2 cloak (worn)
 D - a +0 ring mail of willpower
Magical Staves
 I - a staff of death
 J - a staff of fire
Jewellery
 F - a ring of protection from cold (left hand)
 G - an amulet of reflection (around neck)
 O - an amulet of magic regeneration
 P - a ring of protection from fire
 Q - a +4 ring of evasion
Wands
 o - a wand of light (3)
Scrolls
 h - 4 scrolls of amnesia {unknown}
 k - a scroll of fear {unknown}
 l - 2 scrolls of blinking {@r4}
 p - 7 scrolls of teleportation {@r3}
 r - a scroll of torment
 t - 2 scrolls of enchant armour
 v - a scroll of enchant weapon {unknown}
 w - 2 scrolls of magic mapping {unknown}
 y - 2 scrolls of vulnerability
 z - a scroll of butterflies {unknown}
 A - a scroll of immolation
 L - a scroll of brand weapon
 R - a scroll of noise {unknown}
 T - a scroll of poison {unknown}
Potions
 g - 5 potions of brilliance
 i - 3 potions of haste {@q4}
 j - 2 potions of attraction {unknown}
 m - a potion of resistance {@q5}
 q - 4 potions of heal wounds {@q2}
 s - 5 potions of curing {unknown}
 u - a potion of degeneration
 B - a potion of flight {unknown}
 H - a potion of cancellation
 K - a potion of ambrosia {unknown}
 M - a potion of mutation {unknown}


   Skills:
 * Level 11.6 Fighting
 * Level 11.1 Axes
 + Level 4.0 Throwing
 + Level 8.6 Armour
 - Level 8.0 Shields
 + Level 4.0 Invocations
 + Level 0.7 Evocations


You had 9 spell levels left.
You didn't know any spells.
Your spell library contained the following spells:

 Spells                   Type           Power      Damage    Failure   Level
 Shock                    Conj/Air       0%         1d3       100%        1
 Gell's Gravitas          Tloc           0%         N/A       100%        3
 Swiftness                Air            0%         N/A       100%        3
 Teleport Other           Tloc           0%         N/A       100%        3
 Airstrike                Air            0%         2d(0-16)  100%        4
 Passage of Golubria      Tloc           0%         N/A       100%        4
 Yara's Violent Unravell  Hex/Tmut       0%         3d3       100%        5
 Dispersal                Tloc           0%         N/A       100%        6
 Tukima's Dance           Hex            Unusable   N/A       N/A         3

Dungeon Overview and Level Annotations

Branches:
Dungeon (10/15) Zot: 26406  Temple (1/1) D:7 Zot: 5802 Ossuary (visited)
   Lair: D:8-11         Orc: D:9-12

Altars:
Ashenzari
Cheibriados
Dithmenos
Elyvilon
Gozag
Hepliaklqana
Kikubaaqudgha
Makhleb
Nemelex Xobeh
Okawaru
Qazlal
Ru
Sif Muna
Trog
Uskayaw
Wu Jian
Xom
Yredelemnul
Zin
The Shining One

Annotations:
D:6 Dowan


Innate Abilities, Weirdness & Mutations

You have a pair of horns on your head.
You reflexively headbutt those who attack you in melee.


Message History

The yak is almost dead.
You hit the yak.
You kill the yak!
You slash the two-headed ogre!
The two-headed ogre is lightly wounded.
The two-headed ogre hits you with a +0 giant spiked club!!
You slash the two-headed ogre!
The two-headed ogre is moderately wounded.
The shadow slips into darkness.
The shadow flickers and vanishes!
Deactivating autopickup; reactivate with Ctrl-A.
You hit the two-headed ogre.
You headbutt the two-headed ogre, but do no damage.
The two-headed ogre is moderately wounded.
The two-headed ogre hits you with a +0 giant spiked club!!
* * * LOW HITPOINT WARNING * * *
The two-headed ogre hits you with a +0 giant club!
* * * LOW HITPOINT WARNING * * *
You hit the two-headed ogre.
The two-headed ogre is heavily wounded.
You hit the two-headed ogre.
The two-headed ogre is severely wounded.
The two-headed ogre hits you with a +0 giant spiked club!
* * * LOW HITPOINT WARNING * * *
The two-headed ogre hits you with a +0 giant club!
* * * LOW HITPOINT WARNING * * *
Okay, then.
Aiming: Bolt of Light
Press: ? - help, Shift-Dir - straight line, f - two-headed ogre
Aim: a two-headed ogre, wielding a +0 giant spiked club and a +0 giant club (severely wounded, 86% to hit)
The bolt of light hits the two-headed ogre!
You kill the two-headed ogre!
Okawaru is honoured by your kill.
You can now enter into single combat with a foe.
Okawaru will now gift you equipment as you gain piety.
The bolt of light hits the yak.
The yak is moderately wounded.
The yak is blinded.
The shadow strikes at you from the darkness!
You die...

....# ...# # .###
...#.# #.# ...#
...#.#.#.#.#
...##
.........}..
....#
...#.#.#.#.# ...#
...# #.#.# Y..
...## #.#.#
###.### ....##
#.#.# ##@)Y..#
..#..###.#.#
##.#####.#
..##..###)####.##
..###.##....#.##
..# #.#)#...#.#
..# #...###..##
.. #.#...#.#.# ..
...#....##.#
.....###.## #.


You could see a yak (blind).

Vanquished Creatures
  A two-headed ogre (D:10)
  An ogre mage (D:10)
  A deep elf pyromancer (D:10)
  A troll (D:10)
  Grinder (D:3)
  A hornet (D:8)
  2 wyverns
  5 yaks
  A steam dragon (D:9)
  Menkaure (D:4)
  2 wargs (D:10)
  2 water moccasins (D:7)
  A sky beast (D:6)
  2 orc warriors
  3 black bears
  2 ogres
  A centaur (D:8)
  A phantom (D:7)
  3 kobold brigands
  5 bullfrogs (D:8)
  A gnoll sergeant (D:8)
  5 water moccasin zombies (Ossuary)
  10 wights
  3 howler monkeys
  3 hounds
  6 jellies
  11 orc priests
  2 gnoll boudas
  3 iguanas
  12 orc wizards
  Natasha (D:4)
  2 mummies (Ossuary)
  13 gnolls
  9 adders
  2 shadow imps
  2 white imps
  2 ufetubi
  5 adder zombies (Ossuary)
  7 worms
  4 dart slugs
  35 orcs
  18 endoplasms
  9 giant cockroaches
  6 gnoll zombies (Ossuary)
  10 goblins
  9 hobgoblins
  9 jackals
  5 quokkas
  7 ball pythons
  4 bats
  2 frilled lizards
  7 hobgoblin zombies (Ossuary)
  34 kobolds
  3 kobold zombies (Ossuary)
  8 rats
306 creatures vanquished.

Vanquished Creatures (others)
  8 fungi
  6 toadstools (D:3)
14 creatures vanquished.

Grand Total: 320 creatures vanquished

Notes
Turn   | Place    | Note
-------+----------+-------------------------------------------
     0 | D:1      | iguanaiguana the Minotaur Fighter began the quest for the
                  | Orb.
     0 | D:1      | Reached XP level 1. HP: 19/19 MP: 0/0
    19 | D:1      | Reached XP level 2. HP: 27/27 MP: 1/1
    60 | D:1      | Found a faded altar of an unknown god.
   228 | D:1      | Reached XP level 3. HP: 22/33 MP: 2/2
   625 | D:2      | Reached XP level 4. HP: 41/41 MP: 3/3
   833 | D:2      | Found a bloodstained altar of Trog.
  1106 | D:2      | Reached skill level 5 in Fighting
  1148 | D:2      | Reached XP level 5. HP: 45/48 MP: 4/4
  2046 | D:3      | Found a shimmering altar of Xom.
  2046 | D:3      | Found a broken altar of Ashenzari.
  2217 | D:3      | Noticed Grinder
  2241 | D:3      | Paralysed by Grinder for 2 turns
  2247 | D:3      | Killed Grinder
  2248 | D:3      | Reached skill level 5 in Axes
  2248 | D:3      | Reached skill level 5 in Armour
  2248 | D:3      | Reached skill level 5 in Shields
  2248 | D:3      | Reached XP level 6. HP: 51/57 MP: 5/5
  2578 | D:4      | Noticed Menkaure
  2583 | D:4      | Killed Menkaure
  2584 | D:4      | Reached XP level 7. HP: 17/64 MP: 6/6
  3342 | D:4      | Found a hide-covered altar of Uskayaw.
  3731 | D:4      | Noticed Natasha
  3739 | D:4      | Killed Natasha
  3890 | D:5      | Entered Level 5 of the Dungeon
  4630 | D:5      | Reached XP level 8. HP: 73/73 MP: 7/7
  5644 | D:6      | Noticed Dowan
  5860 | D:7      | Found a staircase to the Ecumenical Temple.
  6466 | D:7      | Reached XP level 9. HP: 83/83 MP: 8/8
  6843 | Temple   | Entered the Ecumenical Temple
  7008 | Temple   | Became a worshipper of Warmaster Okawaru
  7197 | D:8      | Identified the +3 rapier "Nuqogoq" {vorpal, rElec}
  7324 | D:8      | Found a sand-covered staircase.
  7330 | Ossuary  | Entered an ossuary
  7388 | Ossuary  | Reached skill level 1 in Throwing
  7422 | Ossuary  | Reached skill level 1 in Invocations
  7658 | D:8      | HP: 1/84 [orc priest/+0 short sword (4)]
  7674 | D:8      | Reached * piety under Okawaru
  8157 | D:8      | Reached skill level 10 in Fighting
  8169 | D:8      | Reached ** piety under Okawaru
  8885 | D:9      | Reached XP level 10. HP: 85/94 MP: 10/10
  8898 | D:9      | Reached skill level 10 in Axes
  9000 | D:9      | Found a sparkling altar of Nemelex Xobeh.
  9035 | D:9      | Reached *** piety under Okawaru
 10770 | D:10     | Entered Level 10 of the Dungeon
 11133 | D:10     | Noticed a deep elf pyromancer
 11137 | D:10     | Killed a deep elf pyromancer
 11137 | D:10     | Reached **** piety under Okawaru
 11213 | D:10     | Noticed an ogre mage
 11224 | D:10     | Killed an ogre mage
 11348 | D:10     | Noticed a two-headed ogre
 11353 | D:10     | Noticed a two-headed ogre
 11378 | D:10     | HP: 4/96 [two-headed ogre/+0 giant spiked club (14)]
 11379 | D:10     | Killed a two-headed ogre
 11379 | D:10     | Reached ***** piety under Okawaru
 11379 | D:10     | Mangled by a shadow

Illustrated notes

Levels and vault maps discovered:
D:1:      giann_horns, layout_rooms, serial_glass, glass_columns_b,
          glass_columns_a, glass_columns_a, glass_columns_b,
          hellmonk_ecumenical_altar_lost_god
D:2:      minmay_chambers_of_twos, layout_rooms, serial_glass, glass_columns_c,
          glass_columns_a, basic_altar, chequers_arboretum, minmay_circle_x
D:3:      cheibrodos_fertilizer, layout_basic, gammafunk_temple_overflow_statue,
          uniq_grinder
D:4:      black_bear_nest_2, layout_basic, general_overflow_altar, uniq_natasha,
          uniq_menkaure
D:5:      layout_basic
D:6:      layout_basic, kennysheep_big_empty_room, uniq_duvessa
D:7:      layout_cave_pods, temple_fountains
D:8:      layout_basic, nicolae_ossuary_entry_plus, enter_bailey_2,
          nicolae_eternal_life, ldierk_geyser, minmay_fractal_squares_5
D:9:      layout_small_grid, mainiacjoe_overflow_catwalk
D:10:     minmay_the_grid_octo_tiled_octocenter
          [minmay_the_grid_octo_fan_narrow, minmay_the_grid_octo_checkerflower,
          minmay_the_grid_octo_toaster, minmay_the_grid_octo_teeth,
          minmay_the_grid_octo_prize_big_c,
          minmay_the_grid_square_5x5_hourglass, minmay_the_grid_square_5x5_z,
          minmay_the_grid_square_5x5_inner_z,
          minmay_the_grid_square_5x5_dogpile], layout_small_grid,
          fedhas_ov_isle_minmay, mainiacjoe_overflow_alcove_4,
          erik_lair_orcish_takeover
Temple:   nicolae_temple_bog_church

Skill      XL: |  1  2  3  4  5  6  7  8  9 10 |
---------------+-------------------------------+-----
Fighting       | 4 5 6 7 9 10 11 | 11.6
Axes           | 3 4 5 6 8 9 11 | 11.1
Armour         | 4 5 6 7 8 |  8.6
Shields        | 4 5 6 7 8 |  8.0
Throwing       | 2 4 |  4.0
Invocations    | 2 4 |  4.0
Evocations     | |  0.7

Action                   |  1- 3 |  4- 6 |  7- 9 | 10-12 || total
-------------------------+-------+-------+-------+-------++-------
Melee: War axe           |    70 |    96 |    84 |       ||   250
       Headbutt          |     9 |    18 |    81 |    43 ||   151
       Hand axe          |       |       |   390 |   158 ||   548
Invok: Heroism           |       |       |     1 |     2 ||     3
Evoke: Wand              |       |       |       |     2 ||     2
  Use: Potion            |       |     3 |     4 |     1 ||     8
       Scroll            |       |       |    11 |       ||    11
 Stab: Invisible         |       |       |       |    15 ||    15
Armor: Scale mail        |     1 |       |       |       ||     1
       Chain mail        |    39 |    43 |   172 |       ||   254
       Plate armour      |       |       |     8 |    49 ||    57
Dodge: Dodged            |    26 |    28 |    95 |    30 ||   179
Block: Buckler           |    20 |    22 |   168 |    60 ||   270
       Reflection        |       |       |     3 |       ||     3
